 Dungeon Crawl Stone Soup version 0.30-a0-824-g6c64550be9 (webtiles) character file.

Game seed: 15732904266711426008

1160 ragingrage the Carver (level 8, -2/61 HPs)
             Began as a Barachi Monk on Feb 27, 2023.
             Was a Follower of Ashenzari.
             Killed from afar by a white imp (4 damage)
             ... with a puff of frost
             ... on level 7 of the Dungeon.
             The game lasted 00:09:07 (7505 turns).

ragingrage the Carver (Barachi Monk)                Turns: 7505, Time: 00:09:08

Health: -2/61      AC:  6    Str: 13    XL:     8   Next: 39%
Magic:  8/8        EV: 11    Int: 11    God:    Ashenzari [*.....]
Gold:   256        SH:  9    Dex: 16    Spells: 7/7 levels left

rFire   . . .      SeeInvis .    a - +0 long sword
rCold   . . .      Faith    .    k - +0 buckler
rNeg    . . .      Spirit   .    h - +0 ring mail "Tethered Together" {Evo, Self} (curse)
rPois   .          Reflect  +    z - +0 helmet
rElec   .          Harm     .    (no cloak)
rCorr   .          Rampage  .    (no gloves)
Will    .....                    (no boots)
Stlth   ++                       j - amulet "Gnosis of Ashenzari" {Reflect SH+5, Range, Evo} (curse)
HPRegen 0.30/turn                s - +4 ring of slaying
MPRegen 0.11/turn                (no ring)

@: slow
A: amphibious, slowness 1, strong legs 1, +LOS
a: Hop, Renounce Religion, Curse Item, Shatter the Chains


You were on level 7 of the Dungeon.
You worshipped Ashenzari.
Ashenzari was aware of your devotion.
You visited 1 branch of the dungeon, and saw 8 of its levels.

You collected 256 gold pieces.

Inventory:

Hand Weapons
 a - a +0 long sword (weapon)
 b - a +0 sling
 l - a +2 dagger of freezing
 y - a +1 whip of freezing
Missiles
 q - 2 curare-tipped darts
 t - 15 poisoned darts (quivered)
Armour
 h - the cursed +0 ring mail "Tethered Together" (worn) {Evo, Self}
   (You found it on level 1 of the Dungeon)

   It has a curse which improves the following skills: Evocations: Evocations.
   Introspection: Fighting and Spellcasting.
 k - a +0 buckler (worn)
 z - a +0 helmet (worn)
Jewellery
 j - the cursed amulet "Gnosis of Ashenzari" (around neck) {Reflect SH+5, Range, Evo}
   (You found it on level 2 of the Dungeon)

   [amulet of reflection]

   It reflects blocked missile attacks.
   SH:        It affects your SH (+5).
   It has a curse which improves the following skills: Ranged Combat: Ranged
   Weapons and Throwing.
   Evocations: Evocations.
 s - a +4 ring of slaying (left hand)
Wands
 x - a wand of quicksilver (3)
Scrolls
 c - 2 scrolls of enchant armour
 e - 3 scrolls of blinking
 f - 2 scrolls of immolation
 m - 2 scrolls of magic mapping
 o - 2 scrolls of silence
 p - 2 scrolls of amnesia
 r - a scroll of poison
 v - a scroll of teleportation
 w - a scroll of enchant weapon
 C - a scroll of fog
Potions
 d - a potion of magic
 g - a potion of flight
 i - a potion of mutation
 n - a potion of cancellation


   Skills:
 - Level 3.6(4.4) Fighting
 + Level 10.7 Long Blades
 - Level 3.2(4.0) Throwing
 - Level 3.2 Dodging
 - Level 3.0 Stealth
 - Level 2.0 Shields


You had 7 spell levels left.
You didn't know any spells.
Your spell library contained the following spells:

 Spells                   Type           Power      Damage    Failure   Level
 Kindle Blastsparks       Fire/Tloc/Air  0%         2d10      97%         3
 Fulminant Prism          Conj/Hex       0%         3d5       100%        4
 Iskenderun's Mystic Bla  Conj/Tloc      0%         2d3       100%        4
 Lee's Rapid Deconstruct  Erth           0%         3d4*      100%        5


Dungeon Overview and Level Annotations

Branches:
Dungeon (8/15)             Temple (0/1) D:4
   Lair: D:8-11

Altars:
Ashenzari
Fedhas
Uskayaw
Xom

Portals:
Abyss: D:3

Annotations:
D:1 exclusion: downstairs
D:3 2 transporters, oldplebian's ghost, amateur HOCA
D:4 Blork the orc


Innate Abilities, Weirdness & Mutations

You are amphibious.
You cover ground slowly.
You can hop short distances.
You have an extended range of vision and can be seen from far away.


Message History

The puff of frost hits you!
The kobold brigand throws a poisoned dart.
You reflect the poisoned dart off an invisible shield around you!
The poisoned dart hits the kobold brigand!
The kobold brigand is poisoned.
There is a stone staircase leading down here.
The orc priest attacks as you move away!
You block the orc priest's attack.
You barely miss the orc priest. You block the orc priest's attack.
You barely miss the orc priest.
The orc priest calls down the wrath of Beogh upon you.
Beogh smites you!
* * * LOW HITPOINT WARNING * * *
You hit the orc priest but do no damage.
You slash the orc priest!
The orc priest invokes the aid of Beogh against you.
Pain shoots through your body!
* * * LOW HITPOINT WARNING * * *
Unknown command.
You slash the orc priest!
You kill the orc priest!
Unknown command.
You barely miss the kobold brigand. You block the kobold brigand's attack.
Unknown command.
Okay, then.
Aiming: Quicksilver Bolt
Aim: a white imp (71% to hit)
The bolt of dispelling energy hits the kobold brigand!
The bolt of dispelling energy hits the white imp.
You hear a howl!
You hear a shout!
The kobold brigand hits you but does no damage.
You hear a shout!
Aiming: Quicksilver Bolt
Aim: a white imp (severely wounded, 71% to hit)
The bolt of dispelling energy hits the kobold brigand!
You kill the kobold brigand!
The bolt of dispelling energy misses the white imp.
The white imp gestures at you. The puff of frost hits you.
You die...

. .. #..#
#... #...
#....###
#.).######.#
#...5>.....#
#...##@##..#
#.5..##.....#
#'###..##..##
... #. ..#
#... ## .#
.... .# ... #


You could see a white imp.

Vanquished Creatures
  An ogre (D:5)
  A wolf (D:8)
  A centaur (D:7)
  A phantom (D:3)
  2 kobold brigands
  A bullfrog (D:8)
  3 scorpions (D:6)
  3 howler monkeys
  2 jellies
  2 orc priests
  2 orc wizards
  2 iguanas
  4 gnolls (D:5)
  6 adders
  A white imp (D:6)
  4 worms
  2 dart slugs
  17 orcs
  4 endoplasms
  2 giant cockroaches
  3 goblins
  9 hobgoblins
  4 jackals
  3 quokkas
  9 ball pythons
  3 bats
  2 frilled lizards
  10 kobolds
  7 rats
111 creatures vanquished.

Vanquished Creatures (others)
  An orc (D:6)
  7 plants (D:5)
8 creatures vanquished.

Grand Total: 119 creatures vanquished

Notes
Turn   | Place    | Note
-------+----------+-------------------------------------------
     0 | D:1      | ragingrage the Barachi Monk began the quest for the Orb.
     0 | D:1      | Reached XP level 1. HP: 18/18 MP: 1/1
   137 | D:1      | Reached skill level 4 in Long Blades
   181 | D:1      | Reached XP level 2. HP: 19/24 MP: 2/2
  1140 | D:2      | Found a hide-covered altar of Uskayaw.
  1165 | D:2      | Reached XP level 3. HP: 29/29 MP: 3/3
  1427 | D:2      | Reached skill level 5 in Long Blades
  1504 | D:2      | Reached XP level 4. HP: 34/36 MP: 4/4
  2043 | D:3      | Found a one-way gate to the infinite horrors of the Abyss.
  2044 | D:3      | Noticed a small abomination
  2048 | D:3      | Noticed a small abomination
  2099 | D:3      | Noticed oldplebian's ghost (amateur HOCA)
  2104 | D:3      | Found a transporter.
  2109 | D:3      | Found a transporter.
  2173 | D:3      | Noticed a phantom
  2200 | D:3      | Killed a phantom
  2201 | D:3      | Reached skill level 6 in Long Blades
  2201 | D:3      | Reached XP level 5. HP: 24/41 MP: 5/5
  2265 | D:3      | Found a faded altar of an unknown god.
  2275 | D:3      | Prayed at the altar of an unknown god.
  2275 | D:3      | Became a worshipper of Ashenzari the Shackled
  2279 | D:3      | Reached * piety under Ashenzari
  2781 | D:4      | Reached skill level 7 in Long Blades
  2781 | D:4      | Reached skill level 1 in Shields
  2781 | D:4      | Reached XP level 6. HP: 28/49 MP: 6/6
  2970 | D:4      | Found a staircase to the Ecumenical Temple.
  2981 | D:4      | Noticed Blork the orc
  3158 | D:5      | Entered Level 5 of the Dungeon
  3185 | D:5      | Found a blossoming altar of Fedhas.
  3310 | D:5      | Found a shimmering altar of Xom.
  4026 | D:5      | Reached skill level 8 in Long Blades
  4348 | D:5      | Reached XP level 7. HP: 54/55 MP: 7/7
  5213 | D:6      | Reached skill level 9 in Long Blades
  5478 | D:6      | Identified the +1 robe of Midwinter {Rampage}
  5510 | D:6      | HP: 1/55 [orc/+0 heavy trident (12)]
  6200 | D:6      | Reached skill level 1 in Throwing
  6577 | D:5      | Found a blossoming altar of Fedhas.
  6854 | D:5      | Reached skill level 10 in Long Blades
  6883 | D:5      | Found a shimmering altar of Xom.
  7333 | D:7      | Noticed a steam dragon
  7348 | D:8      | Noticed a yak
  7358 | D:8      | Reached XP level 8. HP: 53/61 MP: 8/8
  7369 | D:8      | Noticed a yak
  7380 | D:8      | Noticed a yak
  7501 | D:7      | HP: 1/61 [orc priest/nerve-wracking pain (6)]
  7505 | D:7      | Killed from afar by a white imp

Illustrated notes

Levels and vault maps discovered:
D:1:      lightli_arrival_isolated_outpost, layout_loops_corners,
          grunt_decor_clamped, minmay_hedge_maze
D:2:      kennysheep_big_flooded_room, layout_rooms, basic_altar,
          grunt_ministairs_9
D:3:      layout_loops_ring, hellmonk_ecumenical_altar_zigzags,
          gammafunk_ghost_abyssal_escape, chequers_serial_rivers_small_3
D:4:      layout_rooms, minmay_temple_entry_crystal_x, uniq_blork_the_orc
D:5:      layout_basic, pf_just_have_faith, dk_xom_monty_hall, serial_bayou,
          serial_bayou_shore_a, serial_bayou_ford_a, serial_bayou_pond_d,
          serial_bayou_shore_b, serial_bayou_pond_e
D:6:      layout_basic, hex_medium
D:7:      minmay_the_grid_octo_triangle [minmay_the_grid_octo_focus,
          minmay_the_grid_octo_prize_ultimate_mussel_roller,
          minmay_the_grid_octo_shrine], layout_basic, enter_ossuary_1,
          gammafunk_ghost_icy, kennysheep_generic_room_10
D:8:      layout_cave_pools, hellmonk_lair_entry_icy, enter_bailey_7,
          serial_shops, shop_coins, serial_bayou_pond_a

Skill      XL: |  1  2  3  4  5  6  7  8 |
---------------+-------------------------+-----
Long Blades    | 4 5 6 7 8 10 | 10.7
Stealth        | 2 3 |  3.0
Shields        | 1 2 |  2.0
Throwing       | 2 3 |  3.2
Fighting       | |  3.6
Dodging        | |  3.2

Action                     |  1- 3 |  4- 6 |  7- 9 || total
---------------------------+-------+-------+-------++-------
  Melee: Falchion          |    92 |   146 |       ||   238
         Dagger            |     6 |    14 |       ||    20
         Punch             |       |     3 |       ||     3
         Long sword        |       |    22 |   101 ||   123
   Fire: Sling             |    36 |    23 |       ||    59
  Throw: Dart              |       |     9 |    14 ||    23
 Invoke: Curse Item        |       |     2 |       ||     2
Ability: Hop               |     1 |     2 |     1 ||     4
  Evoke: Wand              |       |       |     2 ||     2
    Use: Potion            |       |     6 |     3 ||     9
         Scroll            |       |       |     3 ||     3
   Stab: Sleeping          |     3 |     1 |       ||     4
         Invisible         |       |     1 |       ||     1
 Armour: Robe              |     3 |       |       ||     3
         Ring mail         |    33 |    42 |    17 ||    92
  Dodge: Dodged            |    69 |    71 |    34 ||   174
  Block: Other             |       |    16 |       ||    16
         Buckler           |       |    35 |    45 ||    80
         Reflection        |       |       |     7 ||     7

Table legend: (Time is in decaauts)
 A = Elapsed time spent in this place.
 B = Non-inter-level travel time spent in this place.
 C = Inter-level travel time spent in this place.
 D = Time resting spent in this place.
 E = Time spent auto-exploring this place.
 F = Levels seen in this place.
 G = Mean time per level.
                   A        B        C        D        E       F      G
               +--------+--------+--------+--------+--------+-----+--------+
         Total |   8444 |   7995 |    449 |   1643 |   4946 |   8 | 1055.5 |
       Dungeon |   8444 |   7995 |    449 |   1643 |   4946 |   8 | 1055.5 |
               +--------+--------+--------+--------+--------+-----+--------+

Top non-repeatable levels by time:
     D:5: 2508 daAuts
     D:6: 1821 daAuts
     D:1: 1284 daAuts
     D:3: 992 daAuts
     D:4: 915 daAuts
     D:2: 711 daAuts
     D:7: 147 daAuts
     D:8: 62 daAuts
